 Dungeon Crawl Stone Soup version 0.28.0-1-gb440e238dd (webtiles) character file.

Game seed: 9603494337851853476

51 buriedalive the Chiller (level 3, -2/19 HPs)
             Began as a Deep Elf Ice Elementalist on Feb 23, 2022.
             Slain by Grinder (5 damage)
             ... on level 3 of the Dungeon.
             The game lasted 00:04:23 (3385 turns).

buriedalive the Chiller (Deep Elf Ice Elementalist) Turns: 3385, Time: 00:04:24

Health: -2/19      AC:  4    Str:  5    XL:     3   Next: 58%
Magic:  7/9        EV: 13    Int: 21    God:
Gold:   119        SH:  0    Dex: 15    Spells: 1/8 levels left

rFire   . . .      SeeInvis .   g - +1 dagger (holy)
rCold   . . .      Faith    .   (no shield)
rNeg    . . .      Spirit   .   a - +0 robe
rPois   .          Reflect  .   (no helmet)
rElec   .          Harm     .   (no cloak)
rCorr   .          Rampage  .   (no gloves)
Will    .....                   l - +1 pair of boots
Stlth   ++........              (no amulet)
HPRegen 0.06/turn               (no ring)
MPRegen 0.11/turn               (no ring)

@: no status effects
A: no striking features
a: no special abilities


You were on level 3 of the Dungeon.
You visited 1 branch of the dungeon, and saw 3 of its levels.

You collected 119 gold pieces.

Inventory:

Hand Weapons
 c - a +0 short sword
 e - a +0 dagger
 g - a +1 dagger of holy wrath (weapon)
Missiles
 h - 6 poisoned darts
 j - 2 atropa-tipped darts
 k - 26 stones
Armour
 a - a +0 robe (worn)
 l - a +1 pair of boots (worn)
Scrolls
 d - a scroll of noise
 f - a scroll of fog
Potions
 i - a potion of curing


   Skills:
 + Level 0.2 Short Blades
 + Level 2.7 Dodging
 - Level 2.4 Stealth
 - Level 3.0 Spellcasting
 + Level 5.7 Ice Magic


You had one spell level left.
You knew the following spells:

 Your Spells              Type           Power      Damage    Failure   Level
a - Freeze                Ice            100%       1d11      1%          1
b - Ozocubu's Armour      Ice            27%        N/A       3%          3
c - Frozen Ramparts       Ice            54%        1d7       3%          3

Your spell library contained the following spells:

 Spells                   Type           Power      Damage    Failure   Level
 Hailstorm                Conj/Ice       15%        3d5       38%         4


Dungeon Overview and Level Annotations

Branches:
Dungeon (3/15)

Altars:

Annotations:
D:3 Grinder, Sigmund


Message History

You start memorising the spell.
You continue memorising. x3
You finish memorising.
Spell assigned to 'b'.
This spell is quite dangerous to cast!
Memorise Frozen Ramparts, consuming 3 spell levels and leaving 1?
You start memorising the spell.
You continue memorising. x3
You finish memorising.
Spell assigned to 'c'.
There is a stone staircase leading down here.
Grinder and a bat come into view.
Grinder shouts!
Casting: Freeze (safe; 1% risk of failure)
Confirm with . or Enter, or press ? or * to list all spells.
The spell is quite dangerous to miscast (3% risk of failure)!
Continue anyway?
Casting: Frozen Ramparts (quite dangerous; 3% risk of failure)
Press: ? - help, Dir - look around, f - activate The walls around you are covered in ice.
The wall freezes the bat.
The bat closely misses you.
The wall freezes the bat.
The bat closely misses you.
The wall freezes the bat.
The bat closely misses you.
You hit the bat.
You kill the bat!
Grinder completely resists.
The wall freezes Grinder but does no damage.
Grinder gestures at you. Pain shoots through your body!
Grinder completely resists.
The wall freezes Grinder but does no damage.
Grinder resists.
The wall freezes Grinder.
Grinder gestures at you.
You suddenly lose the ability to move!
The frozen ramparts melt away.
Grinder gestures at you.
You shrug off the repeated paralysis!
Grinder gestures at you. Pain shoots through your body!
Ouch! That really hurt!
* * * LOW HITPOINT WARNING * * *
You can move again.
Unknown command.
Grinder hits you.
You die...

#######......#
#....##.####.#
#.##.##.# #.# .#
#.##.##.# #.#
...####.##.##.####.#
#................>#
...#....#####.##.#.#
#..........##.#.#
...............@5.##
####....##########..#
#.#### #..# #. .b...
#. ........ ..
...........
.....#+####. .5....#
.......#


You could see Grinder.

Vanquished Creatures
  An adder (D:2)
  A dart slug (D:1)
  An orc (D:3)
  2 bats
  2 endoplasms
  3 giant cockroaches
  5 goblins
  2 hobgoblins (D:1)
  2 jackals (D:1)
  A quokka (D:2)
  4 ball pythons
  A frilled lizard (D:2)
  7 kobolds
  4 rats
36 creatures vanquished.

Vanquished Creatures (others)
  5 plants (D:2)
5 creatures vanquished.

Grand Total: 41 creatures vanquished

Notes
Turn   | Place    | Note
-------+----------+-------------------------------------------
     0 | D:1      | buriedalive the Deep Elf Ice Elementalist began the quest
                  | for the Orb.
     0 | D:1      | Reached XP level 1. HP: 10/10 MP: 6/6
   612 | D:1      | Reached XP level 2. HP: 8/15 MP: 0/8
   618 | D:1      | Reached skill level 5 in Ice Magic
  1948 | D:2      | Reached XP level 3. HP: 19/19 MP: 6/9
  2922 | D:3      | Noticed Sigmund
  3359 | D:3      | Learned a level 3 spell: Ozocubu's Armour
  3363 | D:3      | Learned a level 3 spell: Frozen Ramparts
  3371 | D:3      | Noticed Grinder
  3382 | D:3      | Paralysed by Grinder for 3 turns
  3385 | D:3      | Slain by Grinder

Illustrated notes

Levels and vault maps discovered:
D:1:      kennysheep_arrival_forest, layout_basic, minmay_split_cup_small
D:2:      layout_loops_ring, serial_forest, infiniplex_forest_join,
          infiniplex_forest_fountain, infiniplex_forest_clump_tiny,
          infiniplex_forest_lined_room_2, infiniplex_forest_straight_5,
          infiniplex_forest_clump_tiny, infiniplex_forest_end_3,
          infiniplex_forest_straight_4, kennysheep_cross_room, minmay_cupped,
          uniq_robin
D:3:      layout_basic, nicolae_overflow_ecumenical_swirl, tso_metal_star,
          uniq_sigmund, uniq_grinder, uniq_crazy_yiuf_cottage

Skill      XL: |  1  2 |
---------------+-------+-----
Ice Magic      | 5 |  5.7
Short Blades   | |  0.2
Dodging        | |  2.7
Stealth        | |  2.4
Spellcasting   | |  3.0

Action                   || total
-------------------------++-------
Melee: Short sword       ||     5
       Unarmed           ||     1
       Dagger            ||    23
       Punch             ||     1
 Cast: Freeze            ||    41
       Frozen Ramparts   ||     1
  Use: Scroll            ||     5
       Potion            ||     2
 Stab: Sleeping          ||     4
Armor: Robe              ||     9
Dodge: Dodged            ||    36
